 Dungeon Crawl Stone Soup version 0.17-a0-1909-g0b14330 (webtiles) character file.

78 DecibelRebel the Bolt Thrower (level 4, -2/26 HPs)
             Began as a Kobold Hunter on Sept 25, 2015.
             Slain by DecibelRebel's ghost (14 damage)
             ... on level 3 of the Dungeon.
             The game lasted 00:07:14 (1540 turns).

DecibelRebel the Bolt Thrower (Kobold Hunter)       Turns: 1540, Time: 00:07:14

Health: -2/26      AC:  4    Str: 10    XL:     4   Next: 61%
Magic:  4/4        EV: 15    Int:  9    God:
Gold:   107        SH:  0    Dex: 17    Spells: 0 memorised, 3 levels left

rFire  . . .     SeeInvis .     c - +0 short sword
rCold  . . .     Clarity  .     d - +0 leather armour
rNeg   . . .     SustAt   .     (shield restricted)
rPois  .         Gourm    .     q - +0 helmet
rElec  .         Spirit   .     (no cloak)
rCorr  .         Warding  .     (no gloves)
rMut   .         Stasis   .     (no boots)
MR     .....                    (no amulet)
Stlth  ++........               (no ring)
                                (no ring)

@: not resistant to hostile enchantments, unstealthy
A: carnivore 3
a: no special abilities


You were on level 3 of the Dungeon.
You were very full.

You visited 1 branch of the dungeon, and saw 3 of its levels.

You collected 107 gold pieces.

Inventory:

Hand weapons
 a - a +1 hand crossbow
 c - a +0 short sword (weapon)
Missiles
 b - 5 bolts
Armour
 d - a +0 leather armour (worn)
 q - a +0 helmet (worn)
Jewellery
 l - an uncursed ring of positive energy {unknown}
 n - an uncursed ring of see invisible {unknown}
Scrolls
 f - 2 scrolls of enchant weapon {unknown}
 h - 3 scrolls of remove curse {unknown}
 i - 2 scrolls of teleportation {unknown}
 k - a scroll of immolation {unknown}
 m - 3 scrolls of identify {unknown}
Potions
 g - a potion of flight {unknown}
 j - a potion of haste {unknown}
 o - a potion of lignification {unknown}
 p - a potion of agility {unknown}
Comestibles
 e - a meat ration


   Skills:
 - Level 2.1 Fighting
 + Level 6.9 Crossbows
 - Level 2.4 Dodging
 - Level 1.3 Stealth


You had 3 spell levels left.
You didn't know any spells.

Dungeon Overview and Level Annotations

Branches:
Dungeon (3/15)

Altars:
Dithmenos

Annotations:
D:3 DecibelRebel's ghost, average HEHu


Innate Abilities, Weirdness & Mutations

You are small and have problems with some larger weapons.
You are carnivorous and can eat meat at any time.


Message History

c - a +0 short sword (weapon)
DecibelRebel's ghost hits you but does no damage.
You hit DecibelRebel's ghost.
DecibelRebel's ghost is moderately damaged.
DecibelRebel's ghost hits you!
You hit DecibelRebel's ghost but do no damage.
DecibelRebel's ghost is moderately damaged.
DecibelRebel's ghost hits you.
You hit DecibelRebel's ghost.
DecibelRebel's ghost is moderately damaged.
DecibelRebel's ghost hits you.
You closely miss DecibelRebel's ghost.
DecibelRebel's ghost is moderately damaged.
DecibelRebel's ghost barely misses you.
You hit DecibelRebel's ghost but do no damage.
DecibelRebel's ghost is moderately damaged.
DecibelRebel's ghost hits you but does no damage.
You are electrocuted!
Ouch! That really hurt!
You die...

...# ...# ....# ..o..
##.## +......'.
#..###.(# .. #8.8#
#........# #..#..# #..
......
#.........##..oo.##...
#8.8###
.....................
##.####
.....##..o......##.
......#
#..####..._...## #.#
......#
#.$.##o........##..#
......#
#..@W..............
#'##.##
####o.##.....##...#
#.##.#
#.###..#..###..#
#.##.#
#.##..###..##..#
#.##.## #.(...#
#......# #.##..#
#####..#..##.#.#
#)###.## #.....##...#
..# #..# #########..#
### ##.# ##.##


You could see DecibelRebel's ghost and 2 orcs.

Vanquished Creatures
  2 adders (D:2)
  An ooze (D:2)
  4 worms (D:2)
  A giant gecko (D:1)
  2 orcs (D:3)
  3 giant cockroaches
  5 hobgoblins
  13 kobolds
  2 quokkas (D:2)
  2 ball pythons
  3 bats (D:2)
  4 giant newts (D:1)
  3 goblins
  3 rats
48 creatures vanquished.

Notes
Turn   | Place    | Note
--------------------------------------------------------------
     0 | D:1      | DecibelRebel the Kobold Hunter began the quest for the Orb.
     0 | D:1      | Reached XP level 1. HP: 12/12 MP: 1/1
    61 | D:1      | Reached skill level 5 in Crossbows
   111 | D:1      | Reached XP level 2. HP: 17/17 MP: 2/2
   784 | D:2      | Reached XP level 3. HP: 21/21 MP: 3/3
   832 | D:2      | Reached skill level 6 in Crossbows
   952 | D:2      | Reached XP level 4. HP: 23/26 MP: 4/4
  1359 | D:2      | You fall through a shaft!
  1508 | D:3      | Found a shadowy altar of Dithmenos.
  1519 | D:3      | Noticed DecibelRebel's ghost (average HEHu)
  1540 | D:3      | Slain by DecibelRebel's ghost

Vault maps used:
D:1:      zaba_arrival_water
D:2:      lemuel_upstairs_altar
D:3:      tgw_sif, nicolae_dithmenos_shadow_blocks, first_bread, st_stairs_13,
          small_statue_intersection

Action                   |  1- 3 |  4- 6 || total
-------------------------+-------+-------++-------
Melee: Short sword       |       |     5 ||     5
 Fire: Hand crossbow     |    53 |    38 ||    91
  Eat: Chunk             |     6 |     3 ||     9
